 Dungeon Crawl Stone Soup version 0.31-a0-968-g24f9ace8b5 (webtiles) character file.

Game seed: 6134545889956321825

1300 Dirtsage the Insei (level 8, -2/54 HPs)
             Began as an Octopode Shapeshifter on Oct 27, 2023.
             Was an Initiate of Wu Jian.
             Slain by a steam dragon (7 damage)
             ... on level 6 of the Dungeon.
             The game lasted 00:09:57 (5058 turns).

Dirtsage the Insei (Octopode Shapeshifter)          Turns: 5058, Time: 00:09:58

Health: -2/54      AC:  1    Str: 13    XL:     8   Next: 57%
Magic:  8/8        EV: 13    Int: 13    God:    Wu Jian [......]
Gold:   229        SH:  5    Dex: 13    Spells: 1/7 levels left

rFire   . .          .
                       - Unarmed
rCold   . . .        (no shield)
rNeg    . . .        (helmet currently unavailable)
rPois   .            j - amulet of reflection
rElec   .            (no ring)
rCorr   .            (no ring)
SInv    .            (no ring)
Will    .....        (no ring)
Stlth   ++           (no ring)
HPRegen 0.29/turn    (no ring)
MPRegen 0.11/turn    (no ring)
                     (no ring)

%: reflection
@: mighty, beast-form
A: beast (slay +3), almost no armour, amphibious, 8 rings, camouflage 1,
gelatinous body 1, (nimble swimmer 1), tentacles
a: Begin Untransformation, Renounce Religion


You were on level 6 of the Dungeon.
You worshipped Wu Jian.
Wu Jian was noncommittal.
You were a hulking beast.
You visited 2 branches of the dungeon, and saw 7 of its levels.

You collected 229 gold pieces.

Inventory:

Magical Staves
 r - a staff of cold
Jewellery
 j - an amulet of reflection (around mantle)
Talismans
 b - a beast talisman
 c - a flux talisman
 k - a flux talisman
Wands
 o - a wand of iceblast (11)
 t - a wand of polymorph (11)
Scrolls
 g - 2 scrolls of fear
 l - a scroll of fog
 B - a scroll of blinking
Potions
 a - a potion of lignification
 d - 2 potions of might
 e - a potion of heal wounds {unknown}
 f - a potion of resistance {unknown}
 h - 2 potions of ambrosia
 m - 2 potions of mutation {unknown}
 n - 2 potions of enlightenment {unknown}
 p - 2 potions of brilliance
 q - 2 potions of curing
 s - a potion of attraction {unknown}


   Skills:
 + Level 4.4 Fighting
 - Level 2.0 Dodging
 * Level 6.9 Unarmed Combat
 + Level 1.4 Hexes
 * Level 6.5 Shapeshifting


You had one spell level left.
You knew the following spells:

 Your Spells              Type           Power      Damage    Failure   Level
a - Jinxbite              Hex            6%         N/A       26%         2
b - Foxfire               Conj/Fire      0%         2x1d4     30%         1
c - Frozen Ramparts       Ice            0%         1d1       67%         3

Your spell library contained the following spells:

 Spells                   Type           Power      Damage    Failure   Level
 Apportation              Tloc           0%         N/A       30%         1
 Magic Dart               Conj           0%         1d3       30%         1
 Call Imp                 Summ           0%         N/A       43%         2
 Sublimation of Blood     Necr           0%         N/A       43%         2
 Sigil of Binding         Hex            3%         N/A       45%         3
 Call Canine Familiar     Summ           0%         N/A       67%         3
 Mephitic Cloud           Conj/Pois/Air  0%         N/A       67%         3
 Dimensional Bullseye     Hex/Tloc       0%         N/A       93%         4
 Leda's Liquefaction      Hex/Erth       0%         N/A       93%         4
 Passage of Golubria      Tloc           0%         N/A       97%         4
 Petrify                  Tmut/Erth      0%         N/A       97%         4
 Alistair's Intoxication  Tmut/Pois      0%         N/A       100%        5
 Irradiate                Conj/Tmut      0%         3d11      100%        5
 Metabolic Englaciation   Hex/Ice        0%         N/A       100%        5
 Silence                  Hex/Air        0%         N/A       100%        5
 Plasma Beam              Fire/Air       0%         2x1d10    100%        6
 Starburst                Conj/Fire      0%         6d3       100%        6
 Malign Gateway           Summ/Tloc      0%         N/A       100%        7
 Lehudib's Crystal Spear  Conj/Erth      0%         10d2      100%        8
 Summon Horrible Things   Summ           0%         N/A       100%        8


Dungeon Overview and Level Annotations

Branches:
Dungeon (6/15)             Temple (1/1) D:4

Altars:
Ashenzari
Cheibriados
Dithmenos
Elyvilon
Fedhas
Gozag
Hepliaklqana
Makhleb
Nemelex Xobeh
Okawaru
Qazlal
Ru
Sif Muna
Trog
Uskayaw
Vehumet
Wu Jian
Xom
Yredelemnul
Zin
The Shining One


Innate Abilities, Weirdness & Mutations

You are a hulking beast.
Your limbs bulge with bestial killing power. (Slay +3)
You cannot wear most types of armour.
You are amphibious.
You can wear up to eight rings at the same time.
Your skin changes colour to match your surroundings (Stealth+).
Your rubbery body absorbs attacks. (AC +1, EV +1)
((You are camouflaged when in or above water. (Stealth+)))
You have tentacles for arms and can constrict up to eight enemies at once.


Message History

You take 7 damage, and have 47/54 hp.
A steam dragon comes into view.
The centaur shoots an arrow.
The arrow hits you.
The centaur shoots an arrow.
The arrow hits you!
The steam dragon hisses angrily.
You take 18 damage, and have 29/54 hp.
MASSIVE DAMAGE!!
The centaur shoots an arrow.
You block the arrow with an invisible shield... and reflect it back!
The arrow barely misses the centaur.
An adder comes into view.
The centaur shoots an arrow.
The arrow barely misses you.
The centaur shoots an arrow.
The arrow hits you!
You hear an angry hiss.
You see here a potion of curing.
You take 7 damage, and have 22/54 hp.
Okay, then.
Okay, then.
Okay, then.
You feel very mighty all of a sudden.
You lunge at the centaur.
You batter the centaur!!
You kill the centaur!
The Council accepts your kill. You block the steam dragon's attack.
The steam dragon completely misses you.
You closely miss the steam dragon. The steam dragon breathes steam at you.
The ball of steam hits you!
* * * LOW HITPOINT WARNING * * *
You take 7 damage, and have 15/54 hp.
You block the steam dragon's attack. x2
You see here a +0 shortbow.
You tentacle-slap the steam dragon.
The steam dragon is lightly wounded.
The steam dragon bites you!
* * * LOW HITPOINT WARNING * * *
The steam dragon misses you.
You take 10 damage, and have 5/54 hp.
You bludgeon the steam dragon!
The steam dragon is moderately wounded.
The steam dragon bites you!
You die...

..........#........ ...S
........................
.##.......##...... .....
.....#...###..... ......
.##.##...# ....# .....#
.....#..####..# #....
..(..#........###.S#
..............##D..#
.##..###.##...!.h###
..... #.......§...# .#..
#......§......# #..
##....§#...##..# ##
##.#.##..## $...
#######..# .... #... ..#
##... .#.


You could see a steam dragon (catching breath) and an adder.

Vanquished Creatures
  Duvessa (D:4)
  An ice beast (D:5)
  A centaur (D:6)
  4 ogres
  2 phantoms
  2 scorpions (D:5)
  Dowan (D:4)
  2 iguanas
  Jessica (D:2)
  An orc wizard (D:3)
  Ijyb (D:3)
  Natasha (thrice) (D:3)
  7 adders
  2 ufetubi (D:4)
  2 worms
  2 dart slugs
  9 orcs
  6 endoplasms
  5 giant cockroaches
  10 goblins
  7 hobgoblins
  10 kobolds
  3 quokkas
  7 ball pythons
  6 bats
  A frilled lizard (D:2)
  10 rats
107 creatures vanquished.

Notes
Turn   | Place    | Note
-------+----------+-------------------------------------------
     0 | D:1      | Dirtsage the Octopode Shapeshifter began the quest for the
                  | Orb.
     0 | D:1      | Reached XP level 1. HP: 13/13 MP: 1/1
    75 | D:1      | Reached XP level 2. HP: 8/18 MP: 2/2
   361 | D:1      | Reached XP level 3. HP: 23/23 MP: 3/3
   826 | D:2      | Reached XP level 4. HP: 20/29 MP: 4/4
   841 | D:2      | Noticed Jessica
   844 | D:2      | Killed Jessica
  1102 | D:2      | Found a blossoming altar of Fedhas.
  1359 | D:3      | Noticed Ijyb
  1359 | D:3      | Found a faded altar of an unknown god.
  1368 | D:2      | Reached XP level 5. HP: 30/34 MP: 5/5
  1393 | D:3      | Noticed Natasha
  1402 | D:3      | Killed Natasha
  1481 | D:3      | Identified the +0 robe of Honour {Harm rC+ MP+9 Str+4}
  1565 | D:3      | Killed Ijyb
  1759 | D:3      | Noticed Natasha
  1768 | D:3      | Killed Natasha
  1769 | D:3      | Reached XP level 6. HP: 36/41 MP: 6/6
  2337 | D:3      | Noticed Natasha
  2345 | D:3      | Killed Natasha
  2529 | D:4      | Found a broken altar of Ashenzari.
  2532 | D:4      | Found a hazy altar of Hepliaklqana.
  2535 | D:4      | Found a stormy altar of Qazlal.
  2535 | D:4      | Found a white marble altar of Elyvilon.
  2543 | D:4      | Found a radiant altar of Vehumet.
  2547 | D:4      | Noticed Dowan
  2548 | D:4      | Noticed Duvessa
  2565 | D:4      | Killed Duvessa
  2566 | D:4      | Reached skill level 5 in Unarmed Combat
  2569 | D:4      | Killed Dowan
  2570 | D:4      | Reached skill level 5 in Shapeshifting
  2830 | D:4      | Reached XP level 7. HP: 18/46 MP: 7/7
  3738 | D:4      | Found a staircase to the Ecumenical Temple.
  3743 | Temple   | Entered the Ecumenical Temple
  3763 | Temple   | Became a worshipper of the Wu Jian Council
  3927 | D:5      | Entered Level 5 of the Dungeon
  3939 | D:5      | Noticed a +0 dagger
  3939 | D:5      | Noticed a +0 hand axe
  4153 | D:5      | Reached XP level 8. HP: 28/54 MP: 8/8
  4362 | D:5      | Learned a level 2 spell: Jinxbite
  4754 | D:5      | Reached skill level 1 in Hexes
  4955 | D:5      | Found a hide-covered altar of Uskayaw.
  5011 | D:5      | Learned a level 1 spell: Foxfire
  5015 | D:5      | Learned a level 3 spell: Frozen Ramparts
  5058 | D:6      | Slain by a steam dragon

Illustrated notes

Levels and vault maps discovered:
D:1:      lemuel_arrival_muddy, layout_loops_ring
D:2:      layout_basic, basic_altar, uniq_jessica
D:3:      layout_loops_ring, dreamdust_ecumenical_altar_grove, uniq_natasha,
          uniq_ijyb
D:4:      layout_gridville, nicolae_overflow_hallway_of_the_gods,
          minmay_temple_entry_nine_rooms, uniq_duvessa
D:5:      layout_loops_ring, dancing_weapons_uskayaw
D:6:      layout_cave_pools, minmay_ruined_shrine
Temple:   hellmonk_temple_of_storms

Skill      XL: |  1  2  3  4  5  6  7  8 |
---------------+-------------------------+-----
Fighting       | 2 3 4 |  4.4
Unarmed Combat | 4 5 6 |  6.9
Shapeshifting  | 4 5 6 |  6.5
Hexes          | 1 |  1.4
Dodging        | |  2.0

Action                     |  1- 3 |  4- 6 |  7- 9 || total
---------------------------+-------+-------+-------++-------
  Melee: Unarmed           |    72 |   114 |    82 ||   268
         Constrict         |    16 |    24 |    11 ||    51
         Tentacles         |     6 |    23 |    19 ||    48
         Punch             |     1 |     4 |     1 ||     6
Ability: Lunge             |       |       |    10 ||    10
  Evoke: Wand              |       |       |     2 ||     2
    Use: Scroll            |       |     5 |     3 ||     8
         Potion            |       |     1 |     1 ||     2
   Stab: Sleeping          |     7 |     8 |     7 ||    22
         Distracted        |       |       |     1 ||     1
 Armour: Skin              |    29 |    77 |    34 ||   140
  Dodge: Dodged            |    41 |    40 |    38 ||   119
  Block: Other             |       |    20 |    13 ||    33
         Reflection        |       |       |     2 ||     2

Table legend: (Time is in decaauts)
 A = Elapsed time spent in this place.
 B = Non-inter-level travel time spent in this place.
 C = Inter-level travel time spent in this place.
 D = Time resting spent in this place.
 E = Time spent auto-exploring this place.
 F = Levels seen in this place.
 G = Mean time per level.
                   A        B        C        D        E       F      G
               +--------+--------+--------+--------+--------+-----+--------+
         Total |   5037 |   4829 |    208 |    817 |   3316 |   7 |  719.6 |
       Dungeon |   4997 |   4827 |    170 |    817 |   3316 |   6 |  832.8 |
        Temple |     40 |      2 |     38 |      0 |      0 |   1 |   40.0 |
               +--------+--------+--------+--------+--------+-----+--------+

Top non-repeatable levels by time:
     D:4: 1448 daAuts
     D:5: 1095 daAuts
     D:3: 881 daAuts
     D:2: 782 daAuts
     D:1: 759 daAuts
  Temple: 40 daAuts
     D:6: 29 daAuts
